 Dungeon Crawl Stone Soup version 0.24.0-123-gd5b16e6ec5 (webtiles) character file.

Game seed: 3579755866809964463, levelgen mode: deterministic

495 Delamore the Cleaver (level 7, 0/57 HPs)
             Began as a Hill Orc Fighter on Dec 28, 2019.
             Slain by Duvessa
             ... wielding a +0 short sword
              (14 damage)
             ... on level 4 of the Dungeon.
             The game lasted 00:03:29 (2619 turns).

Delamore the Cleaver (Hill Orc Fighter)             Turns: 2619, Time: 00:03:30

Health: 0/57       AC:  6    Str: 21    XL:     7   Next: 15%
Magic:  0/7        EV:  7    Int:  8    God:
Gold:   149        SH:  9    Dex: 10    Spells: 6/6 levels left

rFire    . . .     SeeInvis .   a - +0 war axe
rCold    . . .     Gourm    +   c - +0 shield
rNeg     + . .     Faith    .   b - +0 scale mail
rPois    .         Spirit   +   (no helmet)
rElec    +         Reflect  .   v - scarf {Spirit}
rCorr    .         Harm     .   (no gloves)
MR       .....                  (no boots)
Stlth    ..........             k - amulet of the gourmand
HPRegen  0.19/turn              w - ring "Xoicurph" {rElec rN+}
MPRegen  0.10/turn              (no ring)

@: no status effects
A: no striking features
a: no special abilities


You were on level 4 of the Dungeon.
You were very full.

You visited 1 branch of the dungeon, and saw 4 of its levels.

You collected 149 gold pieces.

Inventory:

Hand Weapons
 a - a +0 war axe (weapon)
Armour
 b - a +0 scale mail (worn)
 c - a +0 shield (worn)
 v - a scarf of spirit shield (worn)
Jewellery
 k - an amulet of the gourmand (around neck)
 q - an uncursed ring of fire
 w - the ring "Xoicurph" (left hand) {rElec rN+}
   (You found it on level 4 of the Dungeon)

   [ring of positive energy]

   It insulates you from electricity.
   It protects you from negative energy.
Wands
 t - a wand of enslavement (5)
Scrolls
 g - 3 scrolls of magic mapping {unknown}
 h - 5 scrolls of identify {unknown}
 j - 3 scrolls of enchant weapon {unknown}
 l - a scroll of fog {unknown}
 m - 3 scrolls of remove curse {unknown}
 n - a scroll of teleportation {unknown}
 p - a scroll of blinking {unknown}
 s - a scroll of enchant armour {unknown}
Potions
 d - a potion of might
 o - a potion of magic {unknown}
 r - a potion of mutation {unknown}
 u - a potion of lignification {unknown}
 x - a potion of cancellation {unknown}
Comestibles
 f - 7 rations


   Skills:
 - Level 3.6 Fighting
 + Level 9.9 Axes
 - Level 3.2 Armour
 - Level 3.2 Shields


You had 6 spell levels left.
You didn't know any spells.
Your spell library was empty.

Dungeon Overview and Level Annotations

Branches:
Dungeon (4/15)
 Temple: D:4-7

Altars:
Elyvilon

Annotations:
D:4 Duvessa


Message History

* * * LOW HITPOINT WARNING * * *
You closely miss Duvessa.
Duvessa is lightly wounded.
You block Duvessa's attack. Duvessa hits you with a +0 short sword!
* * * LOW HITPOINT WARNING * * *
Okay, then.
Okay, then.
It was a potion of curing.
You feel better. Duvessa barely misses you.
It was a potion of heal wounds.
You feel much better. Duvessa hits you but does no damage.
Duvessa hits you with a +0 short sword!
You barely miss Duvessa.
Duvessa is lightly wounded.
You block Duvessa's attack.
You slash Duvessa!
Duvessa is moderately wounded.
You block Duvessa's attack. Duvessa hits you with a +0 short sword!
* * * LOW HITPOINT WARNING * * *
Duvessa hits you but does no damage. Duvessa hits you with a +0 short sword!
You die...

#.........##.###.....#
#..............#.....#
#.............(#.....#
###.#.#..............#
#.#.########........
#.#...# #........
######.#.########........
........................#
.......#@#######........#
....)..#e# ###.........
########.##......###.#...
#..†...........#...
#..)........####...
#....####.. #...
#..).=..... ## ##.#.####
#.#.#


You could see Duvessa (berserk).

Vanquished Creatures
  An ogre (D:4)
  A bullfrog (D:4)
  Dowan (D:4)
  2 hounds
  Ijyb (D:3)
  Jessica (D:3)
  A worker ant (D:4)
  A hound skeleton (D:4)
  4 adders
  An ooze (D:1)
  An adder skeleton (D:4)
  2 worms
  2 dart slugs
  4 leopard geckos
  An orc (D:3)
  5 giant cockroaches
  5 goblins
  5 hobgoblins
  12 jackals
  5 quokkas
  A ball python (D:3)
  15 bats
  5 frilled lizards
  11 kobolds
  A leopard gecko skeleton (D:3)
  A quokka skeleton (D:4)
  7 rats
97 creatures vanquished.

Notes
Turn   | Place    | Note
-------+----------+-------------------------------------------
     0 | D:1      | Delamore the Hill Orc Fighter began the quest for the Orb.
     0 | D:1      | Reached XP level 1. HP: 19/19 MP: 1/1
    36 | D:1      | Reached skill level 3 in Axes
   175 | D:1      | Reached XP level 2. HP: 26/26 MP: 2/2
   278 | D:1      | Reached skill level 4 in Axes
   450 | D:1      | Reached XP level 3. HP: 31/31 MP: 3/3
   746 | D:2      | Reached skill level 5 in Axes
   746 | D:2      | Reached XP level 4. HP: 28/39 MP: 4/4
  1040 | D:2      | Reached skill level 6 in Axes
  1192 | D:2      | Found a white marble altar of Elyvilon.
  1283 | D:2      | Reached XP level 5. HP: 43/45 MP: 5/5
  1593 | D:3      | Reached skill level 7 in Axes
  1632 | D:3      | Noticed Ijyb
  1657 | D:3      | Killed Ijyb
  1782 | D:3      | Found a faded altar of an unknown god.
  1786 | D:3      | Noticed Jessica
  1795 | D:3      | Killed Jessica
  1795 | D:3      | Reached skill level 8 in Axes
  1795 | D:3      | Reached XP level 6. HP: 51/51 MP: 6/6
  2428 | D:4      | Got a glittering lapis lazuli ring
  2480 | D:4      | Identified the ring "Xoicurph" {rElec rN+} (You found it on
                  | level 4 of the Dungeon)
  2497 | D:4      | Reached skill level 9 in Axes
  2568 | D:4      | Reached XP level 7. HP: 45/57 MP: 7/7
  2601 | D:4      | Noticed Dowan
  2601 | D:4      | Noticed Duvessa
  2606 | D:4      | Killed Dowan
  2619 | D:4      | Slain by Duvessa

Levels and vault maps discovered:
D:1:      dpeg_arrival_castle, layout_loops_ring, hangedman_decor_slide_cut,
          nrook_loot_triangle
D:2:      layout_loops_cross, marbit_many_paths, minmay_quantized
D:3:      layout_basic, chequers_ecumenical_altar_simple, uniq_ijyb,
          uniq_jessica
D:4:      layout_basic, small_statue_intersection, kennysheep_minor_cross,
          uniq_duvessa

Skill      XL: |  1  2  3  4  5  6 |
---------------+-------------------+-----
Axes           | 3 4 5 6 8 9 |  9.9
Fighting       | |  3.6
Armour         | |  3.2
Shields        | |  3.2

Action                   |  1- 3 |  4- 6 |  7- 9 || total
-------------------------+-------+-------+-------++-------
Melee: War axe           |    54 |   211 |    11 ||   276
  Use: Potion            |       |       |     2 ||     2
  Eat: Chunk             |     6 |    10 |     5 ||    21
Armor: Scale mail        |    20 |    88 |     2 ||   110
Dodge: Dodged            |    16 |    73 |     6 ||    95
Block: Shield            |    35 |    89 |     5 ||   129
